 Dungeon Crawl Stone Soup version 0.32-a0-42-ga30500b4d3 (webtiles) character file.

Game seed: 6600936996614770750

4225 CougarLife the Cleaver (level 10, -1/81 (93) HPs)
             Began as a Minotaur Berserker on Jan 29, 2024.
             Was an Elder of Trog.
             Slain by an orc warrior
             ... wielding a +2 trident of pain
              (9 damage)
             ... on level 8 of the Dungeon.
             The game lasted 00:12:41 (8288 turns).

CougarLife the Cleaver (Minotaur Berserker)         Turns: 8288, Time: 00:12:42

HP:   -1/81 (93)    AC:  7    Str: 30    XL:     10   Next: 9%
MP:   1/9           EV: 11    Int:  6    God:    Trog [****..]
Gold: 0             SH:  0    Dex: 10    Spells: 9/9 levels left

rFire   + . .        F - +0 war axe
rCold   . . .        (no shield)
rNeg    . . .        z - +0 scale mail
rPois   .            (helmet restricted)
rElec   .            (no cloak)
rCorr   .            l - +0 pair of gloves
SInv    .            (no boots)
Will    .....        (no amulet) Stlth
                     c - ring of protection from fire
HPRegen 0.33/turn    p - +6 ring of strength
MPRegen 0.11/turn

%: no passive effects
@: on berserk cooldown, slowed, heavily drained, very slow
A: horns 2, retaliatory headbutt
a: Renounce Religion, Berserk, Trog's Hand, Brothers in Arms


You were on level 8 of the Dungeon.
You worshipped Trog.
Trog was greatly pleased with you.
You visited 1 branch of the dungeon, and saw 8 of its levels.
You also visited: Ossuary.

You collected 145 gold pieces.
You spent 145 gold pieces at shops.

Inventory:

Hand Weapons
 F - a +0 war axe (weapon)
Missiles
 a - 2 throwing nets
 m - 8 boomerangs
 u - 21 poisoned darts (quivered)
Armour
 l - a +0 pair of gloves (worn)
 z - a +0 scale mail (worn)
Jewellery
 c - a ring of protection from fire (left hand)
 p - a +6 ring of strength (right hand)
Wands
 C - a wand of paralysis (8)
 H - a wand of polymorph (12)
Scrolls
 b - a scroll of enchant weapon
 f - 2 scrolls of poison
 h - 2 scrolls of teleportation
 i - a scroll of blinking {unknown}
 j - a scroll of brand weapon {unknown}
 n - 4 scrolls of fear
 o - a scroll of fog {unknown}
 s - 3 scrolls of enchant armour
 t - 3 scrolls of butterflies
 y - 5 scrolls of noise
 E - a scroll of revelation {unknown}
 G - 5 scrolls of amnesia {unknown}
 J - a scroll of acquirement {unknown}
Potions
 d - 5 potions of heal wounds
 g - a potion of haste {unknown}
 k - 6 potions of attraction {unknown}
 q - a potion of magic {unknown}
 r - 2 potions of mutation {unknown}
 v - 4 potions of curing
 w - 3 potions of cancellation {unknown}
 x - a potion of might {unknown}
 A - 2 potions of resistance {unknown}
 B - 3 potions of brilliance {unknown}
 D - a potion of enlightenment {unknown}
 I - a potion of lignification {unknown}


   Skills:
 - Level 10.0 Fighting
 * Level 14.2 Axes
 + Level 2.9 Throwing
 - Level 3.0 Armour
 - Level 3.1 Dodging


You had 9 spell levels left.
You didn't know any spells.
Your spell library was empty.

Dungeon Overview and Level Annotations

Branches:
Dungeon (8/15)             Temple (0/1) D:4         Ossuary (visited)
   Lair: D:8-11

Altars:
Makhleb

Shops:
D:1 [?!!   D:4 (   D:5 !

Portals:
Abyss: D:5

Annotations:
D:5 2 transporters, cforsyth's ghost, novice DjRe
D:8 Maurice


Innate Abilities, Weirdness & Mutations

You have a pair of horns on your head.
You reflexively headbutt those who attack you in melee.


Message History

You barely miss something. You slash the orc!
You kill the orc!
Trog accepts your kill.
You hit the howler monkey. You miss something.
The howler monkey hoots and howls with incredible vigour!
You hear a zap.
Something tries to affect you, but you resist.
The howler monkey hits you. Something hits you but does no damage.
You hear a shout!
You barely miss something. You slash the howler monkey!
You hit something but do no damage. Something hits you.
* * * LOW HITPOINT WARNING * * *
Something steals your ring of protection from fire!
Something freezes you.
* * * LOW HITPOINT WARNING * * *
Something bites you.
* * * LOW HITPOINT WARNING * * *
Something drains your magic. The howler monkey closely misses you.
You furiously retaliate!
You headbutt the howler monkey!
You kill the howler monkey!
Trog accepts your kill. Something hits you but does no damage.
You closely miss something. You slash the orc!
You kill the orc!
Trog accepts your kill.
You miss something. Something hits you.
* * * LOW HITPOINT WARNING * * *
Something steals 248 gold pieces!
You now have 0 gold pieces.
Something freezes you.
* * * LOW HITPOINT WARNING * * *
Something bites you but does no damage. The orc warrior barely misses you.
Something hits you but does no damage.
The orc wizard gestures wildly while chanting.
The orc wizard flickers and vanishes!
You hear a shout!
You closely miss something. You hit the orc. You slash something!
You hear a zap.
Something tries to affect you, but you resist.
The orc warrior hits you from afar with a +2 trident of pain!
You die...

.# ## ..##. ....##
######## #
.......###.....!#.###
.. #.....#.#.........
...##....#.#.........
#.......<@#...#.....
###....)o){o..#.....#
...................#.
....#.{###........#..
... #(. ..#.#.#.#...
.. #h. #..#.........
#.. #..##....#...


#oo .... #...... o.#..#.. #..#. You could see an orc warrior and an orc.

Vanquished Creatures
  Pikel (D:7)
  A wyvern (D:7)
  Grum (D:6)
  4 yaks (D:8)
  3 ice beasts
  An orc warrior (D:6)
  2 black bears (D:5)
  2 ogres
  A centaur (D:7)
  A kobold brigand (D:6)
  2 weeping skulls (Ossuary)
  A bullfrog (D:6)
  3 gnoll sergeants (D:6)
  2 scorpions
  5 wights
  3 killer bees
  4 howler monkeys
  A crimson imp (D:6)
  11 hounds
  An orc priest (D:7)
  3 gnoll boudas
  2 sleepcaps
  4 orc wizards
  3 mummies
  18 gnolls
  7 adders
  A white imp (D:6)
  A dart slug (D:1)
  3 ribbon worms
  19 orcs
  5 bats
  7 endoplasms
  A giant cockroach (D:4)
  4 gnoll zombies (Ossuary)
  4 goblins
  12 jackals
  6 kobolds
  3 quokkas (D:1)
  5 ball pythons
  A frilled lizard (D:1)
  A hobgoblin zombie (D:4)
  3 kobold zombies
  2 orc zombies (Ossuary)
  3 rats
  A spectral hobgoblin (D:3)
169 creatures vanquished.

Notes
Turn   | Place    | Note
-------+----------+-------------------------------------------
     0 | D:1      | CougarLife the Minotaur Berserker began the quest for the
                  | Orb.
     0 | D:1      | Reached XP level 1. HP: 19/19 MP: 0/0
    21 | D:1      | Found Kosepago's Magic Scroll Shop.
   117 | D:1      | Found Jatzadas's Distillery.
   117 | D:1      | Found Eminn's Distillery.
   126 | D:1      | Reached XP level 2. HP: 25/26 MP: 1/1
   240 | D:1      | Found Qeqinano's Antique Armour Boutique.
   776 | D:1      | Bought a scroll of identify for 20 gold pieces
   983 | D:2      | Reached XP level 3. HP: 31/33 MP: 2/2
  1133 | D:2      | Reached skill level 4 in Axes
  1255 | D:2      | Identified the +5 short sword of Arrival {venom, rN+++
                  | Will- Str+6 Int-2}
  1541 | D:3      | Found a faded altar of an unknown god.
  1832 | D:3      | Found a burning altar of Makhleb.
  1832 | D:3      | Noticed a cacodemon
  1835 | D:3      | Noticed a smoke demon
  1835 | D:3      | Noticed a hellwing
  2053 | D:4      | Reached XP level 4. HP: 40/40 MP: 3/3
  2194 | D:4      | Noticed a scorpion
  2195 | D:4      | Reached ** piety under Trog
  2201 | D:4      | Killed a scorpion
  2202 | D:4      | Reached skill level 5 in Axes
  2215 | D:4      | Reached XP level 5. HP: 40/47 MP: 4/4
  2227 | D:4      | Noticed an ogre
  2239 | D:4      | Killed an ogre
  2240 | D:4      | Reached skill level 5 in Fighting
  2240 | D:4      | Reached skill level 6 in Axes
  2314 | D:4      | Found a staircase to the Ecumenical Temple.
  2382 | D:4      | Found a sand-covered staircase.
  2388 | D:4      | Reached XP level 6. HP: 56/56 MP: 5/5
  2391 | Ossuary  | Entered an ossuary
  2790 | Ossuary  | Reached skill level 7 in Axes
  3432 | D:4      | Found Qiozu's Weapon Shoppe.
  3553 | D:5      | Entered Level 5 of the Dungeon
  3615 | D:5      | Found a one-way gate to the infinite horrors of the Abyss.
  3618 | D:5      | Found a transporter.
  3618 | D:5      | Found a transporter.
  3639 | D:5      | Noticed an ice beast
  3650 | D:5      | Killed an ice beast
  3651 | D:5      | Reached XP level 7. HP: 46/63 MP: 6/6
  3763 | D:5      | Reached skill level 8 in Axes
  3819 | D:5      | Noticed cforsyth's ghost (novice DjRe)
  3907 | D:5      | You fall into a shaft and drop 2 floors!
  4224 | D:5      | Found Neduhoim's Distillery.
  4233 | D:5      | Bought a potion of curing for 30 gold pieces
  4233 | D:5      | Bought a potion of heal wounds for 50 gold pieces
  4262 | D:5      | Reached skill level 9 in Axes
  4669 | D:4      | Bought a +0 war axe for 45 gold pieces
  4795 | D:6      | Reached XP level 8. HP: 49/73 MP: 7/7
  5077 | D:6      | Reached skill level 10 in Axes
  5173 | D:6      | Reached *** piety under Trog
  5330 | D:6      | Reached skill level 11 in Axes
  5920 | D:6      | Reached XP level 9. HP: 32/82 MP: 8/8
  6325 | D:6      | Noticed Grum
  6339 | D:6      | Killed Grum
  6340 | D:6      | Reached skill level 12 in Axes
  7072 | D:7      | Reached **** piety under Trog
  7194 | D:7      | Noticed Pikel
  7209 | D:7      | Killed Pikel
  7210 | D:7      | Reached skill level 13 in Axes
  7480 | D:7      | Reached skill level 10 in Fighting
  7539 | D:8      | Reached skill level 1 in Throwing
  7689 | D:8      | Reached skill level 14 in Axes
  7906 | D:8      | Noticed Maurice
  7917 | D:7      | Reached XP level 10. HP: 84/93 MP: 9/9
  8284 | D:8      | Something stole 8 throwing nets
  8286 | D:8      | Something stole a ring of protection from fire
  8287 | D:8      | Something stole 248 gold
  8288 | D:8      | Slain by an orc warrior

Illustrated notes

Levels and vault maps discovered:
D:1:      wander_arrival_desolate, layout_loops_ring, serial_shops, shop,
          nicolae_shop_window_shopping, shop, nicolae_shop_waterfront
D:2:      layout_loops_cross, minmay_between
D:3:      layout_basic, makhleb_altar_promises_db,
          dreamdust_ecumenical_altar_drowned_temple
D:4:      nicolae_cairo_tiling, layout_loops_ring, minmay_temple_entry_waves,
          nicolae_ossuary_entry_giza, serial_shops,
          nicolae_shop_bloodbath_and_beyond
D:5:      layout_basic, serial_shops, shop, gammafunk_ghost_abyssal_escape
D:6:      layout_cave_pools, serial_gnoll_camp, gnoll_camp_mini_doghouse,
          grums_kennel, gnoll_camp_mini_loothouse, gnoll_camp_medium_01,
          gnoll_camp_huts_basic, minmay_fire_ice_demons
D:7:      layout_basic, kennysheep_generic_room_6, uniq_pikel
D:8:      layout_cave_pools, gammafunk_temple_overflow_pools,
          hangedman_decor_opposing, uniq_maurice

Skill      XL: |  1  2  3  4  5  6  7  8  9 |
---------------+----------------------------+-----
Dodging        | 3 |  3.1
Armour         | 3 |  3.0
Axes           | 4 5 6 7 9 11 14 | 14.2
Fighting       | 4 5 6 7 8 10 | 10.0
Throwing       | 2 |  2.9

Action                     |  1- 3 |  4- 6 |  7- 9 | 10-12 || total
---------------------------+-------+-------+-------+-------++-------
  Melee: Hand axe          |    96 |   112 |    40 |       ||   248
         Headbutt          |    14 |    24 |    42 |     4 ||    84
         Punch             |     1 |     2 |     6 |       ||     9
         War axe           |       |       |   202 |    23 ||   225
  Throw: Boomerang         |       |       |     8 |       ||     8
         Dart              |       |       |     1 |     1 ||     2
 Invoke: Berserk           |       |     2 |     2 |     1 ||     5
         Trog's Hand       |       |       |       |     1 ||     1
  Evoke: Wand              |       |       |       |     1 ||     1
    Use: Scroll            |     2 |     1 |     4 |       ||     7
   Stab: Sleeping          |     1 |       |       |       ||     1
 Armour: Animal skin       |    56 |    45 |       |       ||   101
         Scale mail        |       |     4 |   212 |    34 ||   250
  Dodge: Dodged            |    65 |    44 |   122 |    13 ||   244

Table legend: (Time is in decaauts)
 A = Elapsed time spent in this place.
 B = Non-inter-level travel time spent in this place.
 C = Inter-level travel time spent in this place.
 D = Time resting spent in this place.
 E = Time spent auto-exploring this place.
 F = Levels seen in this place.
 G = Mean time per level.
                   A        B        C        D        E       F      G
               +--------+--------+--------+--------+--------+-----+--------+
         Total |   8317 |   7925 |    392 |   2289 |   3799 |   9 |  924.1 |
       Dungeon |   7764 |   7372 |    392 |   2073 |   3711 |   8 |  970.5 |
       Ossuary |    553 |    553 |      0 |    216 |     88 |   1 |  553.0 |
               +--------+--------+--------+--------+--------+-----+--------+

Top non-repeatable levels by time:
     D:6: 1967 daAuts
     D:7: 1600 daAuts
     D:5: 973 daAuts
     D:4: 918 daAuts
     D:1: 825 daAuts
     D:2: 709 daAuts
     D:3: 620 daAuts
 Ossuary: 553 daAuts
     D:8: 149 daAuts
